 Dungeon Crawl Stone Soup version 0.30.0-30-g96aa6591b8 (webtiles) character file.

Game seed: 13095558387045794300

12411 croobank the Thaumaturge (level 11, -1/67 HPs)
             Began as an Octopode Fire Elementalist on June 27, 2023.
             Was an Initiate of Gozag.
             Killed from afar by a rime drake (23 damage)
             ... with an icy flash freeze
             ... on level 1 of the Lair of Beasts on June 28, 2023.
             The game lasted 00:46:10 (12287 turns).

croobank the Thaumaturge (OpFE)                    Turns: 12287, Time: 00:46:11

Health: -1/67      AC:  2    Str: 12    XL:     11   Next: 92%
Magic:  12/27      EV: 15    Int: 35    God:    Gozag
Gold:   1630       SH:  5    Dex: 18    Spells: 17/34 levels left

rFire   + . .        f - +5 flail (protect)
rCold   . . .        (no shield)
rNeg    . . .        Y - +1 hat
rPois   +            c - amulet of reflection
rElec   .            d - ring of willpower
rCorr   .            w - +6 ring of intelligence
SInv    +            r - ring "Budeb" {Fire rPois Will- Int+3}
Will    .....        x - ring of poison resistance
Stlth   ++++         E - ring of flight
HPRegen 0.31/turn    K - ring of protection from cold
MPRegen 0.20/turn    T - +6 ring of strength
                     W - +6 ring of intelligence

%: reflection
@: flying
A: almost no armour, amphibious, 8 rings, camouflage 1, gelatinous body 1,
(nimble swimmer 1), tentacles, see invisible, agile 1
a: Renounce Religion, Potion Petition, Call Merchant, Bribe Branch


You were on level 1 of the Lair of Beasts.
You worshipped Gozag.
Gozag was most pleased with you.
You visited 3 branches of the dungeon, and saw 13 of its levels.

You collected 3237 gold pieces.
You spent 1525 gold pieces at shops.
You paid 82 gold pieces to Gozag.

Inventory:

Hand Weapons
 b - a +0 sling
 e - a +0 war axe
 f - a +5 flail of protection (weapon)
 i - a +0 rapier of venom
 n - a +3 dire flail
 o - a +2 dagger
 p - a +2 mace of holy wrath
 t - a +1 heavy shortbow
 L - a +2 vampiric trident
 Q - a +5 falchion
Missiles
 s - 18 poisoned darts (quivered)
 U - 5 atropa-tipped darts
Armour
 Y - a +1 hat (worn)
Magical Staves
 V - a staff of earth
Jewellery
 c - an amulet of reflection (around mantle)
 d - a ring of willpower (left tentacle)
 r - the ring "Budeb" (on tentacle) {Fire rPois Will- Int+3}
   (You found it on level 4 of the Dungeon)

   [ring of fire]

   It enhances your fire magic.
   Int:       It affects your intelligence (+3).
   rF:        It protects you from fire.
   rC:        It makes you vulnerable to cold.
   rPois:     It protects you from poison.
   Will:      It decreases your willpower.
 w - a +6 ring of intelligence (right tentacle)
 x - a ring of poison resistance (on tentacle)
 E - a ring of flight (on tentacle)
 K - a ring of protection from cold (on tentacle)
 T - a +6 ring of strength (on tentacle)
 W - a +6 ring of intelligence (on tentacle)
Wands
 k - a wand of acid (5)
 y - a wand of charming (5)
 G - a wand of flame (15)
 H - a wand of roots (6)
 R - a wand of polymorph (6)
Scrolls
 a - a scroll of amnesia
 l - 5 scrolls of teleportation
 u - 3 scrolls of identify
 D - a scroll of magic mapping
 F - 2 scrolls of fog
 I - a scroll of poison
 J - 3 scrolls of immolation
 P - 2 scrolls of vulnerability
 Z - 3 scrolls of fear
Potions
 g - 9 potions of curing
 h - 3 potions of attraction
 j - 2 potions of heal wounds
 m - 3 potions of might
 q - a potion of ambrosia
 v - 2 potions of berserk rage
 z - 2 potions of flight
 A - 3 potions of cancellation
 B - 2 potions of resistance
 C - 4 potions of haste
 M - a potion of magic
 N - 2 potions of lignification
 O - a potion of brilliance
Miscellaneous
 S - a tin of tremorstones (2/2)


   Skills:
 - Level 3.5 Fighting
 - Level 4.5 Dodging
 - Level 6.3 Stealth
 + Level 12.0 Spellcasting
 - Level 4.2 Conjurations
 - Level 3.0 Hexes
 - Level 9.5 Summonings
 - Level 5.0 Fire Magic


You had 17 spell levels left.
You knew the following spells:

 Your Spells              Type           Power      Damage    Failure   Level
a - Foxfire               Conj/Fire      100%       2x1d9     1%          1
b - Scorch                Fire           100%       2d9       1%          2
c - Call Canine Familiar  Summ           73%        N/A       1%          3
d - Summon Guardian Gole  Hex/Summ       60%        N/A       1%          3
e - Inner Flame           Hex/Fire       65%        N/A       1%          3
f - Summon Mana Viper     Hex/Summ       60%        N/A       4%          5

Your spell library contained the following spells:

 Spells                   Type           Power      Damage    Failure   Level
 Kiss of Death            Conj/Necr      100%       2d13      1%          1
 Sandblast                Erth           42%        2d11      1%          1
 Summon Small Mammal      Summ           100%       N/A       1%          1
 Confusing Touch          Hex            42%        N/A       1%          3
 Stone Arrow              Conj/Erth      70%        3d11      2%          3
 Volatile Blastmotes      Fire/Tloc      100%       2d18      2%          3
 Summon Ice Beast         Ice/Summ       53%        N/A       2%          4
 Passwall                 Tmut/Erth      17%        N/A       3%          2
 Sublimation of Blood     Necr           21%        N/A       3%          2
 Wereblood                Tmut           21%        N/A       3%          2
 Flame Wave               Conj/Fire      69%        2d16      3%          4
 Frozen Ramparts          Ice            42%        1d7       6%          3
 Gell's Gravitas          Tloc           21%        N/A       6%          3
 Ozocubu's Armour         Ice            21%        N/A       6%          3
 Teleport Other           Tloc           21%        N/A       6%          3
 Summon Forest            Summ/Tloc      26%        N/A       8%          5
 Dispel Undead            Necr           21%        3d11      21%         4
 Ice Form                 Ice/Tmut       21%        N/A       21%         4
 Metabolic Englaciation   Hex/Ice        15%        N/A       30%         5
 Monstrous Menagerie      Summ           36%        N/A       32%         7
 Summon Hydra             Summ           36%        N/A       32%         7
 Blade Hands              Tmut           10%        N/A       50%         5
 Iron Shot                Conj/Erth      17%        9d4       78%         6
 Dispersal                Tloc           10%        N/A       97%         6
 Eringya's Noxious Bog    Tmut/Pois      10%        N/A       97%         6
 Animate Armour           Summ/Erth      Unusable   N/A       N/A         4
 Simulacrum               Ice/Necr       Unusable   N/A       N/A         6

Dungeon Overview and Level Annotations

Branches:
Dungeon (11/15)            Temple (1/1) D:5            Lair (1/5) D:11
    Orc (0/2) D:10

Altars:
Ashenzari
Cheibriados
Dithmenos
Elyvilon
Fedhas
Gozag
Hepliaklqana
Kikubaaqudgha
Makhleb
Nemelex Xobeh
Okawaru
Qazlal
Ru
Sif Muna
Trog
Uskayaw
Vehumet
Wu Jian
Xom
Yredelemnul
Zin
The Shining One

Shops:
D:1 :   D:4 !!**   D:7 :


Innate Abilities, Weirdness & Mutations

You cannot wear most types of armour.
You are amphibious.
You can wear up to eight rings at the same time.
Your skin changes colour to match your surroundings (Stealth+).
Your rubbery body absorbs attacks. (AC +1, EV +1)
((You are camouflaged when in or above water. (Stealth+)))
You have tentacles for arms and can constrict up to eight enemies at once.
You have supernaturally acute eyesight. (SInv)
You are agile. (Dex +4, Str/Int -1)


Message History

The foxfire hits the kobold demonologist!
The kobold demonologist is moderately wounded.
The foxfire hits the kobold demonologist.
The kobold demonologist is heavily wounded.
The foxfire hits the red devil but does no damage. x2
Casting: Foxfire (safe; 1% risk of failure)
Confirm with . or Enter, or press ? or * to list all spells.
You feel a surge of power!
You conjure some foxfire!
The foxfire hits the red devil but does no damage.
The foxfire hits the red devil.
The red devil completely resists.
The kobold demonologist mumbles some strange words.
Casting: Foxfire (safe; 1% risk of failure)
Confirm with . or Enter, or press ? or * to list all spells.
You feel a surge of power!
You conjure some foxfire!
The foxfire hits the red devil.
The red devil completely resists.
The foxfire hits the red devil.
The red devil completely resists.
The kobold demonologist casts a spell.
Casting: Foxfire (safe; 1% risk of failure)
Confirm with . or Enter, or press ? or * to list all spells.
You don't know that spell.
The foxfire hits the red devil.
The red devil completely resists.
The foxfire hits the red devil.
The red devil completely resists.
The kobold demonologist casts a cantrip, but nothing happens.
The red devil is distracted by your dazzling golden aura.
There is a staircase to the Lair here.
The sixfirhy hits you! The sixfirhy shocks you!
You block the sixfirhy's attack. The sixfirhy hits you!
The sixfirhy shocks you!
You fly downwards.
Welcome to the Lair of Beasts!
There is a staircase back to the Dungeon here.
Casting: Foxfire (safe; 1% risk of failure)
Confirm with . or Enter, or press ? or * to list all spells.
You feel a surge of power!
Flames lash the rime drake.
The rime drake hisses angrily.
The rime drake is lightly wounded.
The rime drake's fire resistance burns away.
The rime drake breathes ice at you. The icy flash freeze hits you!!
You die...
Your body crumbles into a pile of gold.

# ## #.##.##
#.....#####
#h#.........#
.......@..k.#
P##........##
###......#
##....#.#
###### #


You could see a rime drake (catching breath, combustible) and a black bear
(wandering).

Vanquished Creatures
  An unseen horror (D:5)
  A troll (D:11)
  Sigmund (D:2)
  A wyvern (D:8)
  A yak (D:9)
  Eustachio (D:5)
  2 steam dragons
  2 water moccasins
  An orc warrior (D:8)
  A sky beast (D:8)
  An ice beast (D:5)
  2 black bears
  10 centaurs
  2 ogres
  A wolf (D:11)
  2 phantoms (D:3)
  2 kobold brigands
  3 scorpions
  4 wights (D:8)
  3 howler monkeys
  3 electric eels (D:11)
  5 orc priests
  9 hounds
  2 jellies (D:7)
  A gnoll bouda (D:6)
  2 sleepcaps
  4 iguanas
  6 orc wizards
  11 gnolls
  8 adders
  An ufetubus (D:6)
  2 worms (D:2)
  2 dart slugs
  27 orcs
  7 ball pythons
  7 bats
  8 endoplasms
  4 giant cockroaches
  11 hobgoblins
  8 jackals
  2 quokkas
  2 frilled lizards
  9 goblins
  11 kobolds
  6 rats
200 creatures vanquished.

Vanquished Creatures (collateral kills)
  Gastronok (D:11)
  Harold (D:11)
  A boulder beetle (D:10)
  2 two-headed ogres
  Lodul (D:10)
  2 wraiths
  A shadow (D:10)
  4 yaks
  3 vampire mosquitoes (D:10)
  3 wargs (D:10)
  5 ogres (D:10)
  A wolf (D:11)
  A gnoll sergeant (D:9)
  3 gnolls (D:9)
  4 kobolds (D:9)
33 creatures vanquished.

Vanquished Creatures (others)
  A two-headed ogre (D:11)
  3 yaks (D:9)
  A vampire mosquito (D:10)
  2 ogres (D:10)
  431 foxfires
438 creatures vanquished.

Grand Total: 671 creatures vanquished

Notes
Turn   | Place    | Note
-------+----------+-------------------------------------------
     0 | D:1      | croobank the Octopode Fire Elementalist began the quest for
                  | the Orb.
     0 | D:1      | Reached XP level 1. HP: 11/11 MP: 3/3
    81 | D:1      | Reached XP level 2. HP: 17/17 MP: 0/5
   212 | D:1      | Learned a level 2 spell: Scorch
   248 | D:1      | Found Pipuan's Book Shoppe.
   451 | D:1      | Reached XP level 3. HP: 21/21 MP: 3/6
   721 | D:1      | Learned a level 3 spell: Inner Flame
  1024 | D:2      | Reached XP level 4. HP: 27/27 MP: 2/7
  1619 | D:2      | Noticed Sigmund
  1624 | D:2      | Killed Sigmund
  1625 | D:2      | Reached skill level 1 in Fighting
  1625 | D:2      | Reached skill level 1 in Hexes
  1625 | D:2      | Reached XP level 5. HP: 33/33 MP: 2/9
  1625 | D:2      | Reached XP level 6. HP: 38/38 MP: 2/10
  1830 | D:2      | Identified a scroll of acquirement
  1830 | D:2      | Acquired 1075 gold pieces
  2014 | D:3      | Gained mutation: You have supernaturally acute eyesight.
                  | (SInv) [potion of mutation]
  2014 | D:3      | Gained mutation: You are agile. (Dex +4, Str/Int -1)
                  | [potion of mutation]
  2468 | D:3      | Reached skill level 3 in Spellcasting
  2931 | D:3      | Reached XP level 7. HP: 45/45 MP: 1/11
  3333 | D:4      | Identified the ring "Budeb" {Fire rPois Will- Int+3}
  3544 | D:4      | Found Voronk's General Store.
  3549 | D:4      | Bought a scroll of identify for 28 gold pieces
  3549 | D:4      | Bought a scroll of identify for 28 gold pieces
  3549 | D:4      | Bought a potion of berserk rage for 70 gold pieces
  3554 | D:4      | Reached skill level 5 in Stealth
  3807 | D:4      | Found Mujoudet's Distillery.
  3811 | D:4      | Bought a potion of flight for 42 gold pieces
  3811 | D:4      | Bought a potion of cancellation for 112 gold pieces
  3811 | D:4      | Bought a potion of resistance for 140 gold pieces
  3811 | D:4      | Bought a potion of heal wounds for 70 gold pieces
  3811 | D:4      | Bought a potion of curing for 42 gold pieces
  3811 | D:4      | Bought a potion of curing for 42 gold pieces
  3909 | D:4      | Found Huce Kokh's Distillery.
  3919 | D:4      | Bought a potion of haste for 110 gold pieces
  4007 | D:4      | Found Selul's General Store.
  4011 | D:4      | Bought a scroll of enchant weapon for 105 gold pieces
  4219 | D:5      | Entered Level 5 of the Dungeon
  4261 | D:5      | Reached XP level 8. HP: 48/51 MP: 4/13
  4479 | D:5      | Found a staircase to the Ecumenical Temple.
  4498 | D:5      | Noticed Eustachio
  4519 | D:5      | Killed Eustachio
  4665 | Temple   | Entered the Ecumenical Temple
  4746 | Temple   | Became a worshipper of Gozag Ym Sagoz the Greedy
  4933 | D:5      | Noticed an unseen horror
  4939 | D:5      | Killed an unseen horror
  4940 | D:5      | Reached skill level 4 in Spellcasting
  4949 | D:5      | Reached skill level 5 in Fire Magic
  5282 | D:4      | Bought a book of Callings for 280 gold pieces
  5329 | D:5      | Reached skill level 1 in Summonings
  5536 | D:5      | Reached XP level 9. HP: 57/57 MP: 8/15
  6265 | D:6      | Reached skill level 5 in Summonings
  7402 | D:7      | Learned a level 3 spell: Summon Guardian Golem
  7513 | D:1      | Bought a book of Beasts for 456 gold pieces
  7517 | D:1      | Learned a level 3 spell: Call Canine Familiar
  7656 | D:7      | Found Ykhloosei's Book Shoppe.
  7841 | D:7      | Found an ancient bone altar of Kikubaaqudgha.
  7882 | D:7      | Found a sparkling altar of Nemelex Xobeh.
  8955 | D:8      | Reached XP level 10. HP: 63/63 MP: 12/16
  9410 | D:8      | Found an iron altar of Okawaru.
  9410 | D:8      | Found a bloodstained altar of Trog.
  9527 | D:8      | Learned a level 5 spell: Summon Mana Viper
  9750 | D:9      | Noticed a two-headed ogre
  9758 | D:9      | Killed a two-headed ogre
  9759 | D:9      | Reached skill level 5 in Spellcasting
 10049 | D:9      | Reached skill level 6 in Spellcasting
 10578 | D:9      | Reached skill level 7 in Spellcasting
 10722 | D:10     | Entered Level 10 of the Dungeon
 10795 | D:10     | Reached skill level 8 in Spellcasting
 10879 | D:10     | Found a staircase to the Orcish Mines.
 10908 | D:10     | Noticed Lodul
 10912 | D:10     | Reached XP level 11. HP: 67/67 MP: 11/23
 10917 | D:10     | Reached skill level 9 in Spellcasting
 10921 | D:10     | Killed Lodul
 11132 | D:10     | Noticed a two-headed ogre
 11146 | D:10     | Killed a two-headed ogre
 11147 | D:10     | Reached skill level 10 in Spellcasting
 11592 | D:11     | Noticed Gastronok
 11600 | D:11     | Killed Gastronok
 11714 | D:11     | Noticed Harold
 11725 | D:11     | Noticed a two-headed ogre
 11737 | D:11     | Killed a two-headed ogre
 11738 | D:11     | Reached skill level 11 in Spellcasting
 11743 | D:11     | Killed Harold
 11799 | D:11     | Noticed a boulder beetle
 12045 | D:10     | Killed a boulder beetle
 12228 | D:11     | Found a staircase to the Lair.
 12238 | D:11     | Reached skill level 12 in Spellcasting
 12283 | D:11     | Noticed a sixfirhy
 12286 | Lair:1   | Entered Level 1 of the Lair of Beasts
 12287 | Lair:1   | Killed from afar by a rime drake

Illustrated notes

Levels and vault maps discovered:
D:1:      dpeg_arrival_tiny_c, layout_rooms, serial_shops, shop
D:2:      layout_basic, minmay_diced_spiral, uniq_sigmund
D:3:      layout_loops_ring, nrook_uturn, minmay_distorted
D:4:      layout_loops_ring, serial_shops, shop,
          nicolae_shop_tiny_real_fake_doors, shop, nicolae_shop_back_alley_shop
D:5:      layout_cave_pools, minmay_temple_entry_ruins, corexii_hall_statues_u,
          uniq_eustachio
D:6:      layout_gridville
D:7:      layout_gridville, mainiacjoe_overflow_catch_the_wave, serial_shops,
          nicolae_shop_crystal
D:8:      layout_loops_ring, grunt_temple_overflow_bloody_war
D:9:      layout_irregular_city
D:10:     layout_cave_pools, minmay_orc_entry_guard_dogs,
          kennysheep_generic_room_15, uniq_lodul
D:11:     layout_stronghold, erik_lair_island, uniq_grum, uniq_gastronok,
          uniq_harold
Temple:   dpeg_five_rooms_temple
Lair:1:   lemuel_reptile_caves, layout_cave_pods,
          eino_small_chamber_without_monster, uniq_joseph

Skill      XL: |  1  2  3  4  5  6  7  8  9 10 11 |
---------------+----------------------------------+-----
Stealth        | 3 4 5 6 |  6.3
Fighting       | 1 2 3 |  3.5
Dodging        | 3 4 |  4.5
Conjurations   | 2 3 4 |  4.2
Hexes          | 1 2 3 |  3.0
Spellcasting   | 3 4 8 12 | 12.0
Fire Magic     | 4 5 |  5.0
Summonings     | 3 8 9 |  9.5

Action                     |  1- 3 |  4- 6 |  7- 9 | 10-12 || total
---------------------------+-------+-------+-------+-------++-------
  Melee: War axe           |     7 |       |       |       ||     7
         Unarmed           |     4 |       |       |       ||     4
         Tentacles         |     5 |     1 |     6 |     4 ||    16
         Constrict         |     3 |       |     5 |     3 ||    11
         Punch             |     1 |       |       |       ||     1
         Dagger            |    14 |     7 |     1 |       ||    22
         Flail             |       |     3 |    23 |    18 ||    44
         Mace              |       |       |       |     8 ||     8
   Fire: Sling             |    15 |       |       |       ||    15
  Throw: Throwing net      |       |       |       |     1 ||     1
   Cast: Foxfire           |    26 |    56 |   128 |    39 ||   249
         Scorch            |    15 |    22 |    88 |    46 ||   171
         Summon Guardian G |       |       |     1 |    16 ||    17
         Summon Mana Viper |       |       |       |    14 ||    14
         Call Canine Famil |       |       |       |    10 ||    10
  Evoke: Wand              |       |     4 |     2 |     6 ||    12
    Use: Potion            |     3 |     3 |       |     3 ||     9
         Scroll            |       |     8 |     6 |     8 ||    22
   Stab: Sleeping          |     2 |     2 |     7 |     1 ||    12
         Held in net/web   |       |       |       |     1 ||     1
 Armour: Skin              |     4 |     1 |     6 |    10 ||    21
  Dodge: Dodged            |    44 |    13 |    38 |    55 ||   150
  Block: Other             |       |       |    26 |    19 ||    45
         Reflection        |       |       |     5 |     3 ||     8
